 Dungeon Crawl Stone Soup version 0.24.0-125-gc4c63601f3 (webtiles) character file.

Game seed: 12934187026883532058, levelgen mode: deterministic

65 Frank2 the Cudgeler (level 3, 0/42 HPs)
             Began as a Demonspawn Gladiator on Mar 5, 2020.
             Succumbed to an adder's poison
             ... on level 2 of the Dungeon.
             The game lasted 00:02:49 (1250 turns).

Frank2 the Cudgeler (Demonspawn Gladiator)          Turns: 1250, Time: 00:02:49

Health: 0/42       AC: 21    Str: 19    XL:     3   Next: 92%
Magic:  3/3        EV:  2    Int:  9    God:
Gold:   45         SH:  0    Dex: 15    Spells: 2/2 levels left

rFire    . . .     SeeInvis .   a - +0 flail
rCold    . . .     Gourm    .   (no shield)
rNeg     + + +     Faith    .   (armour currently unavailable)
rPois    +         Spirit   .   (helmet currently unavailable)
rElec    .         Reflect  .   (cloak currently unavailable)
rCorr    .         Harm     .   (gloves currently unavailable)
MR       .....     NoTele   +   (boots currently unavailable)
Stlth    +.........             (no amulet)
HPRegen  0.14/turn              (no ring)
MPRegen  0.08/turn              (no ring)

@: mighty, lethally poisoned (0 -> -7), tree-form
A: deterioration 1, mutation resistance 1
a: no special abilities


You were on level 2 of the Dungeon.
You were hungry.
You were a tree.
You visited 1 branch of the dungeon, and saw 2 of its levels.

You collected 45 gold pieces.

Inventory:

Hand Weapons
 a - a +0 flail (weapon)
 b - a +0 morningstar
Missiles
 d - 3 throwing nets (quivered)
Armour
 c - a +0 helmet (melded)
 m - a +0 pair of boots (melded)
 r - a +0 ring mail (melded)
Scrolls
 h - a scroll of random uselessness {unknown}
 i - a scroll of identify
 k - a scroll of enchant armour {unknown}
Potions
 e - a potion of berserk rage
 l - a potion of mutation
Comestibles
 f - 2 rations


   Skills:
 + Level 2.4 Fighting
 + Level 3.4 Maces & Flails
 - Level 1.7 Throwing
 + Level 0.8 Armour
 + Level 3.3 Dodging


You had 2 spell levels left.
You didn't know any spells.
Your spell library was empty.

Dungeon Overview and Level Annotations

Branches:
Dungeon (2/15)

Altars:
Vehumet

Annotations:
D:2 Robin


Innate Abilities, Weirdness & Mutations

((You have very sharp fingernails.))
Your body sometimes deteriorates upon taking damage.
You are somewhat resistant to further mutation.


Message History

* * * LOW HITPOINT WARNING * * *
You feel sick.
The hobgoblin no longer looks unusually strong.
The goblin no longer looks unusually strong. x2
The adder completely misses you. The goblin hits you but does no damage.
You miss the adder.
The adder is almost dead.
The hobgoblin no longer looks unusually strong.
The adder bites you but does no damage. The goblin hits you but does no damage.
The adder bites you but does no damage.
You bludgeon the adder!!
You kill the adder!
* * * LOW HITPOINT WARNING * * *
You feel sick. The goblin hits you but does no damage. The adder bites you.
* * * LOW HITPOINT WARNING * * *
You are more poisoned.
The adder poisons you!
You are feeling hungry.
You barely miss the adder.
You die...

#........######.....###
+....♣........+.....'.. ...
#...♣.♣..######....g###
......###..♣._.♣.######.....###
............♣.♣.......+.....'.[
....#.#[#....♣....#.###.....#..
<........#........##.# #.S...'..
..#......#.#.#g#####.# #....)#..
........#.#...♣Sg.gg###.#.?.#..
####...#....#########gs...#.###..
..##...#..### #.# #.....+.# #..
..# #....#####.# #.....### ###
..######.##.....#####.....#
..##.....##...............#
.....######...............#
.....######................
.....'(..#............###...


You could see an adder, a giant cockroach, 2 hobgoblins and 3 goblins.

Vanquished Creatures
  An adder (D:2)
  A worm (D:2)
  A dart slug (D:2)
  6 bats
  3 giant cockroaches (D:1)
  13 goblins
  6 hobgoblins
  A ball python (D:2)
  A frilled lizard (D:1)
  5 kobolds
  10 rats (D:1)
48 creatures vanquished.

Notes
Turn   | Place    | Note
-------+----------+-------------------------------------------
     0 | D:1      | Frank2 the Demonspawn Gladiator began the quest for the
                  | Orb.
     0 | D:1      | Reached XP level 1. HP: 16/16 MP: 1/1
   150 | D:1      | Gained mutation: You have sharp fingernails. [demonic
                  | ancestry]
   150 | D:1      | Reached XP level 2. HP: 21/22 MP: 2/2
   680 | D:1      | Gained mutation: You have very sharp fingernails. [demonic
                  | ancestry]
   680 | D:1      | Reached XP level 3. HP: 25/27 MP: 3/3
  1116 | D:2      | Found a faded altar of an unknown god.
  1166 | D:2      | Found a radiant altar of Vehumet.
  1167 | D:2      | Noticed Robin
  1240 | D:2      | Gained mutation: Your body sometimes deteriorates upon
                  | taking damage. [potion of mutation]
  1240 | D:2      | Gained mutation: You are somewhat resistant to further
                  | mutation. [potion of mutation]
  1249 | D:2      | HP: 2/42 [poisoned by an adder]
  1250 | D:2      | Succumbed to an adder's poison

Levels and vault maps discovered:
D:1:      dpeg_arrival_signposts, layout_basic
D:2:      layout_basic, lemuel_crystal_altar,
          chequers_ecumenical_altar_simple_redux, uniq_robin

Skill      XL: |  1  2 |
---------------+-------+-----
Dodging        | 3 |  3.3
Maces & Flails | 3 |  3.4
Fighting       | |  2.4
Throwing       | |  1.7
Armour         | |  0.8

Action                   || total
-------------------------++-------
Melee: Flail             ||   177
Throw: Throwing net      ||     1
  Use: Scroll            ||     6
       Potion            ||     6
 Stab: Held in net/web   ||     2
  Eat: Chunk             ||     1
Armor: Leather armour    ||    39
       Ring mail         ||    56
       Skin              ||    16
Dodge: Dodged            ||   193
